 Dungeon Crawl Stone Soup version 0.31.0-9-g3a7656b989 (webtiles) character file.

Game seed: 2915406569555632322

11 juan097 the Grasshopper (level 2, 0/17 HPs)
             Began as a Deep Elf Warper on Jan 29, 2024.
             Succumbed to an adder's poison
             ... on level 2 of the Dungeon.
             The game lasted 00:00:25 (108 turns).

juan097 the Grasshopper (Deep Elf Warper)            Turns: 108, Time: 00:00:26

Health: 0/17       AC:  3    Str:  8    XL:     2   Next: 17%
Magic:  8/8        EV: 12    Int: 17    God:
Gold:   47         SH:  0    Dex: 14    Spells: 7/7 levels left

rFire   . . .        a - +0 hand axe
rCold   . . .        (no shield)
rNeg    . . .        b - +0 leather armour
rPois   .            (no helmet)
rElec   .            (no cloak)
rCorr   .            (no gloves)
SInv    .            (no boots)
Will    .....        (no amulet)
Stlth   +            (no ring)
HPRegen 0.22/turn    (no ring)
MPRegen 0.11/turn

%: no passive effects
@: lethally poisoned (0 -> -4)
A: no striking features
a: no special abilities


You were on level 2 of the Dungeon.
You visited 1 branch of the dungeon, and saw 2 of its levels.

You collected 47 gold pieces.

Inventory:

Hand Weapons
 a - a +0 hand axe (weapon)
Missiles
 d - 7 darts of dispersal (quivered)
Armour
 b - a +0 leather armour (worn)
Scrolls
 c - a scroll of blinking
 e - a scroll of noise {unknown}
 f - a scroll of acquirement {unknown}


   Skills:
 + Level 1.6 Fighting
 + Level 1.8 Axes
 + Level 1.0 Throwing
 + Level 0.9 Armour
 + Level 2.6 Dodging
 + Level 3.0 Spellcasting
 + Level 3.5 Translocations


You had 7 spell levels left.
You didn't know any spells.
Your spell library contained the following spells:

 Spells                   Type           Power      Damage    Failure   Level
 Blink                    Tloc           28%        N/A       9%          2
 Lesser Beckoning         Tloc           28%        N/A       9%          2
 Teleport Other           Tloc           14%        N/A       17%         3
 Manifold Assault         Tloc           14%        N/A       50%         4
 Vhi's Electric Charge    Tloc/Air       16%        N/A       75%         4


Dungeon Overview and Level Annotations

Branches:
Dungeon (2/15)

Altars:


Message History

You hit the adder.
The adder is heavily wounded.
You barely miss the hobgoblin. The adder bites you.
You are poisoned.
The adder poisons you! The hobgoblin completely misses you.
The adder bites you.
Unknown command.
You are too injured to fight recklessly!
Unknown command.
You are too injured to fight recklessly!
You are too injured to fight recklessly!
You are too injured to fight recklessly!
You are too injured to fight recklessly!
Unknown command.
You are too injured to fight recklessly!
You are too injured to fight recklessly!
Unknown command.
Unknown command.
Unknown command.
Unknown command.
You are too injured to fight recklessly!
You hit the hobgoblin but do no damage. You closely miss the adder.
You feel sick. The adder closely misses you.
The hobgoblin hits you but does no damage.
The adder bites you.
* * * LOW HITPOINT WARNING * * *
You are lethally poisoned!
The adder poisons you!
You closely miss the hobgoblin. You completely miss the adder.
* * * LOW HITPOINT WARNING * * *
You feel sick. The hobgoblin completely misses you.
The adder barely misses you.
You barely miss the hobgoblin. You closely miss the adder.
* * * LOW HITPOINT WARNING * * *
You feel sick. The adder misses you. The hobgoblin barely misses you.
The adder closely misses you. The hobgoblin barely misses you.
You hit the hobgoblin.
The hobgoblin is heavily wounded.
You miss the adder.
You die...

#......# ##.# ##.
.###......###.)#
...#.##.......#....#
..#.##...........<#
..#.##.......#....#
####.#..........######
###....#.######.###
......)#.# #.#
......g@.# #.#
......S#.# #.#
##.###.#.######.####
#.#...........#
#.#.###.......# #.#.#
##......# ..#.#
#......# ..#.#
#......# #.# ########


You could see an adder and a hobgoblin.

Vanquished Creatures
  2 ball pythons
  An endoplasm (D:1)
  A giant cockroach (D:1)
  A goblin (D:2)
  2 kobolds
  4 rats
11 creatures vanquished.

Notes
Turn   | Place    | Note
-------+----------+-------------------------------------------
     0 | D:1      | juan097 the Deep Elf Warper began the quest for the Orb.
     0 | D:1      | Reached XP level 1. HP: 12/12 MP: 6/6
    57 | D:2      | Reached XP level 2. HP: 17/17 MP: 8/8
   108 | D:2      | Succumbed to an adder's poison

Illustrated notes

Levels and vault maps discovered:
D:1:      minmay_arrival_stone_box, layout_rooms, ebering_ecumenical_altar_box
D:2:      minmay_recursive_quarters, layout_rooms, uniq_sigmund

Action                     || total
---------------------------++-------
  Melee: Hand axe          ||    29
         Punch             ||     1
 Armour: Leather armour    ||    21
  Dodge: Dodged            ||    34
